 Dungeon Crawl Stone Soup version 0.29-a0-219-g0a02b1cf4f (webtiles) character file.

Game seed: 12254246224500229366

113 Inarius the Chopper (level 4, -2/35 HPs)
             Began as a Demonspawn Fighter on Feb 25, 2022.
             Succumbed to Crazy Yiuf's poison
             ... on level 2 of the Dungeon.
             The game lasted 00:01:43 (1665 turns).

Inarius the Chopper (Demonspawn Fighter)            Turns: 1665, Time: 00:01:44

Health: -2/35      AC:  6    Str: 18    XL:     4   Next: 65%
Magic:  4/4        EV:  9    Int: 10    God:
Gold:   72         SH:  4    Dex: 12    Spells: 3/3 levels left

rFire   . . .      SeeInvis .   a - +0 war axe
rCold   . . .      Faith    .   c - +0 buckler
rNeg    . . .      Spirit   .   b - +0 scale mail
rPois   .          Reflect  .   (no helmet)
rElec   .          Harm     .   (no cloak)
rCorr   .          Rampage  .   (no gloves)
Will    .....                   (no boots)
Stlth   ..........              f - amulet of regeneration
HPRegen 0.91/turn               (no ring)
MPRegen 0.09/turn               (no ring)

@: lethally poisoned (-2 -> -21)
A: hooves 1, demonic magic 1
a: no special abilities


You were on level 2 of the Dungeon.
You visited 1 branch of the dungeon, and saw 2 of its levels.

You collected 72 gold pieces.

Inventory:

Hand Weapons
 a - a +0 war axe (weapon)
 j - a +0 whip of electrocution
Armour
 b - a +0 scale mail (worn)
 c - a +0 buckler (worn)
Jewellery
 f - an amulet of regeneration (around neck)
Wands
 k - a wand of iceblast (6)
Scrolls
 g - a scroll of immolation {unknown}
 m - a scroll of torment {unknown}
Potions
 d - a potion of might
 e - 2 potions of attraction {unknown}
 h - a potion of curing
 i - a potion of ambrosia {unknown}
 l - 2 potions of mutation {unknown}
 n - 2 potions of flight {unknown}


   Skills:
 + Level 3.3 Fighting
 * Level 3.5 Axes
 + Level 3.2 Armour
 + Level 3.1 Shields


You had 3 spell levels left.
You didn't know any spells.
Your spell library was empty.

Dungeon Overview and Level Annotations

Branches:
Dungeon (2/15)

Altars:
Ru


Innate Abilities, Weirdness & Mutations

You have large cloven feet.
Spells you cast may paralyse adjacent enemies.


Message History

You closely miss the hobgoblin. You kick the hobgoblin.
The hobgoblin is heavily wounded.
You hit the hobgoblin. The hobgoblin barely misses you. The hobgoblin hits you.
You slash the hobgoblin!
You kill the hobgoblin!
You closely miss the hobgoblin. The hobgoblin barely misses you. x2
You closely miss the hobgoblin.
You kick the hobgoblin, but do no damage.
The hobgoblin is heavily wounded.
You block the hobgoblin's attack.
You barely miss the hobgoblin. You kick the hobgoblin.
You kill the hobgoblin!
No target in view!
No target in view!
No target in view!
No target in view!
No target in view!
Found 6 boomerangs.
Items here: )) ††.
You see here a hobgoblin corpse.
Crazy Yiuf shouts!
Could not explore, unopened runed door.
Could not explore, unopened runed door.
You open the door. You hit Crazy Yiuf. Your kick misses Crazy Yiuf.
Crazy Yiuf is moderately wounded.
Crazy Yiuf hits you but does no damage.
Crazy Yiuf hits you with a +3 quarterstaff of chaos.
You are poisoned.
You slash Crazy Yiuf!
Crazy Yiuf is almost dead.
You feel very sick.
Crazy Yiuf grits, "Iron tortoise testudinal!"
Crazy Yiuf hits you with a +3 quarterstaff of chaos!
You are lethally poisoned!
You hit Crazy Yiuf.
You kill Crazy Yiuf!
* * * LOW HITPOINT WARNING * * *
You feel extremely sick.
You die...

#.# ####'### #.#
##)## #.# #...#
######### ### #...#
#.......# #.####
#.#######
♣♣♣♣♣####..... #.#
#### ♣♣♣.♣....#####.#
#.#
#...#♣..♣...........#
#.#
#...@.♣♣♣♣......#####
#.# #)..#♣♣ ♣♣....##
## #.# #### ♣♣#### #.
#.# #. #.### #. #...#
####### #. ###.#
#.....# #. #.#
#####.# #. ####.# #.#
#.


There were no monsters in sight!

Vanquished Creatures
  Crazy Yiuf (D:2)
  An adder (D:2)
  A worm (D:2)
  2 dart slugs (D:1)
  5 orcs (D:2)
  3 ball pythons
  3 bats
  3 endoplasms
  A giant cockroach (D:1)
  6 goblins
  9 hobgoblins
  7 jackals
  3 quokkas (D:1)
  A frilled lizard (D:1)
  8 kobolds
  5 rats
59 creatures vanquished.

Vanquished Creatures (others)
  A plant (D:2)
  2 withered plants (D:2)
3 creatures vanquished.

Grand Total: 62 creatures vanquished

Notes
Turn   | Place    | Note
-------+----------+-------------------------------------------
     0 | D:1      | Inarius the Demonspawn Fighter began the quest for the Orb.
     0 | D:1      | Reached XP level 1. HP: 18/18 MP: 1/1
   235 | D:1      | Gained mutation: You have large cloven feet. [demonic
                  | ancestry]
   235 | D:1      | Reached XP level 2. HP: 22/24 MP: 2/2
   529 | D:1      | Reached XP level 3. HP: 29/29 MP: 3/3
   868 | D:2      | Found a faded altar of an unknown god.
  1135 | D:2      | Found a sacrificial altar of Ru.
  1489 | D:2      | Gained mutation: Spells you cast may paralyse adjacent
                  | enemies. [demonic ancestry]
  1489 | D:2      | Reached XP level 4. HP: 35/35 MP: 4/4
  1548 | D:2      | Found a runed translucent door.
  1549 | D:2      | Noticed Crazy Yiuf
  1664 | D:2      | Killed Crazy Yiuf
  1665 | D:2      | Succumbed to Crazy Yiuf's poison

Illustrated notes

Levels and vault maps discovered:
D:1:      evilmike_arrival_crescent, layout_basic
D:2:      layout_loops_ring, shapermc_ecumenical_altar_flowoftime, basic_altar,
          grunt_decor_fettered, minmay_goblin_outpost, uniq_crazy_yiuf_cottage

Skill      XL: |  1  2  3 |
---------------+----------+-----
Axes           | 2 3 |  3.5
Armour         | 3 |  3.2
Shields        | 3 |  3.1
Fighting       | |  3.3

Action                   |  1- 3 |  4- 6 || total
-------------------------+-------+-------++-------
Melee: War axe           |   136 |    13 ||   149
       Kick              |    24 |     4 ||    28
Armor: Scale mail        |    68 |     4 ||    72
Dodge: Dodged            |    73 |    11 ||    84
Block: Buckler           |    39 |     1 ||    40

Table legend: (Time is in decaauts)
 A = Elapsed time spent in this place.
 B = Non-inter-level travel time spent in this place.
 C = Inter-level travel time spent in this place.
 D = Time resting spent in this place.
 E = Time spent auto-exploring this place.
 F = Levels seen in this place.
 G = Mean time per level.
                   A        B        C        D        E       F      G
               +--------+--------+--------+--------+--------+-----+--------+
         Total |   1726 |   1711 |     15 |    115 |   1189 |   2 |  863.0 |
       Dungeon |   1726 |   1711 |     15 |    115 |   1189 |   2 |  863.0 |
               +--------+--------+--------+--------+--------+-----+--------+

Top non-repeatable levels by time:
     D:2: 871 daAuts
     D:1: 855 daAuts
